 Dungeon Crawl Stone Soup version 0.30.0-29-ga12c61a403 (webtiles) character file.

Game seed: 12209892327239199631

65 Elmgren the Shooter (level 4, -4/26 HPs)
             Began as a Gargoyle Hunter on June 22, 2023.
             Killed from afar by Terence (11 damage)
             ... with a bolt of light
             ... on level 3 of the Dungeon.
             The game lasted 00:01:32 (1352 turns).

Elmgren the Shooter (Gargoyle Hunter)               Turns: 1352, Time: 00:01:33

Health: -4/26      AC:  6    Str: 15    XL:     4   Next: 14%
Magic:  4/4        EV: 11    Int:  9    God:
Gold:   49         SH:  0    Dex: 15    Spells: 3/3 levels left

rFire   . . .        a - +0 shortbow
rCold   . . .        (shield currently unavailable)
rNeg    + . .        c - +0 leather armour
rPois   ∞            (no helmet)
rElec   +            (no cloak)
rCorr   .            (no gloves)
SInv    .            (no boots)
Will    .....        (no amulet)
Stlth   ++           (no ring)
HPRegen 0.24/turn    (no ring)
MPRegen 0.09/turn

%: no passive effects
@: no status effects
A: sickness immunity, AC +3, negative energy resistance 1, electricity
resistance, torment resistance 1, petrification resistance
a: no special abilities


You were on level 3 of the Dungeon.
You visited 1 branch of the dungeon, and saw 3 of its levels.

You collected 49 gold pieces.

Inventory:

Hand Weapons
 a - a +0 shortbow (weapon)
Armour
 c - a +0 leather armour (worn)
Jewellery
 d - a ring of ice
Scrolls
 b - 2 scrolls of immolation
 e - a scroll of identify
 i - a scroll of enchant weapon {unknown}
 k - a scroll of magic mapping {unknown}
 l - a scroll of fear {unknown}
 m - a scroll of teleportation
Potions
 f - a potion of resistance {unknown}
 g - a potion of lignification {unknown}
 h - a potion of invisibility
 j - 3 potions of flight {unknown}
 n - a potion of berserk rage {unknown}


   Skills:
 - Level 2.1 Fighting
 + Level 5.6 Ranged Weapons
 - Level 1.5 Dodging
 - Level 1.1 Stealth


You had 3 spell levels left.
You didn't know any spells.
Your spell library was empty.

Dungeon Overview and Level Annotations

Branches:
Dungeon (3/15) Zot: 16607

Altars:

Shops:
D:1 [   D:3 [

Annotations:
D:3 Terence


Innate Abilities, Weirdness & Mutations

You are immune to sickness and miasma.
Your stone body is resilient. (AC +3)
You are immune to poison.
You resist negative energy. (rN+)
You are resistant to electric shocks. (rElec)
You are resistant to unholy torment.
You are immune to petrification.


Message History

You shoot an arrow. The arrow closely misses Terence.
You shoot an arrow. The arrow hits Terence.
Terence hits you with a +0 short sword.
You take 4 damage, and have 22/26 hp.
You shoot an arrow. The arrow hits Terence.
Terence barely misses you. Terence completely misses you.
You shoot an arrow. The arrow hits Terence.
Terence closely misses you.
You shoot an arrow. The arrow closely misses Terence.
Terence hits you but does no damage.
You shoot an arrow.
The arrow hits Terence but does no damage.
Terence zaps a wand.
The bolt of light hits you!
Ouch! That really hurt!
* * * LOW HITPOINT WARNING * * *
Terence hits you with a +0 short sword.
* * * LOW HITPOINT WARNING * * *
You take 18 damage, and have 5/26 hp.
MASSIVE DAMAGE!!
You are too injured to fight recklessly!
You can't go up here!
Terence hits you but does no damage.
You climb downwards.
There is a stone staircase leading up here.
You are too injured to fight recklessly!
You are too injured to fight recklessly!
You are too injured to fight recklessly!
You are too injured to fight recklessly!
You shoot an arrow.
The arrow hits Terence but does no damage.
Terence shouts, "Get ready for death!"
Terence barely misses you.
You shoot an arrow.
The arrow hits Terence but does no damage.
Terence hits you but does no damage.
You shoot an arrow.
The arrow hits Terence but does no damage.
Terence barely misses you.
You shoot an arrow. The arrow barely misses Terence.
Terence barely misses you.
You shoot an arrow. The arrow hits Terence.
Terence zaps a wand.
The bolt of light hits you!
You die...

.########
.......@#
########@.#
∩.# ###


You could see Terence.

Vanquished Creatures
  An adder (D:2)
  A worm (D:2)
  A dart slug (D:1)
  6 ball pythons
  An endoplasm (D:1)
  3 giant cockroaches (D:1)
  2 goblins
  6 hobgoblins
  3 quokkas
  8 bats
  9 frilled lizards
  5 kobolds
  4 rats
50 creatures vanquished.

Notes
Turn   | Place    | Note
-------+----------+-------------------------------------------
     0 | D:1      | Elmgren the Gargoyle Hunter began the quest for the Orb.
     0 | D:1      | Reached XP level 1. HP: 12/12 MP: 1/1
   126 | D:1      | Reached XP level 2. HP: 17/17 MP: 2/2
   409 | D:1      | Reached XP level 3. HP: 21/21 MP: 3/3
   499 | D:1      | Reached skill level 5 in Ranged Weapons
  1204 | D:2      | Reached XP level 4. HP: 26/26 MP: 4/4
  1245 | D:2      | Noticed Terence
  1261 | D:3      | Found Gionkud's Antique Armour Shop.
  1352 | D:3      | Killed from afar by Terence

Illustrated notes

Levels and vault maps discovered:
D:1:      moated_graveyard_arrival, layout_basic, serial_shops, shop,
          serial_curves, eino_curves_02, eino_curves_02
D:2:      layout_loops_cross, dk_noncrumbling_2, minmay_lizard_pond,
          uniq_terence
D:3:      layout_basic, lemuel_round_altar, serial_shops, shop, uniq_grinder

Skill      XL: |  1  2  3 |
---------------+----------+-----
Ranged Weapons | 5 |  5.6
Fighting       | |  2.1
Dodging        | |  1.5
Stealth        | |  1.1

Action                     |  1- 3 |  4- 6 || total
---------------------------+-------+-------++-------
   Fire: Shortbow          |   112 |    22 ||   134
    Use: Scroll            |     2 |       ||     2
 Armour: Leather armour    |    15 |     3 ||    18
  Dodge: Dodged            |    31 |     7 ||    38
